 Dungeon Crawl Stone Soup version 0.30-a0-760-g5a9884bb7c (webtiles) character file.

Game seed: 1907519845746026373

20820 toffzen the Fighter (level 13, -1/153 HPs)
             Began as a Djinni Berserker on Feb 10, 2023.
             Was an Elder of Trog.
             Slain by a bog body (24 damage)
             ... on level 2 of the Lair of Beasts.
             The game lasted 00:17:37 (10899 turns).

toffzen the Fighter (Djinni Berserker)             Turns: 10899, Time: 00:17:37

Health: -1/153     AC: 17    Str: 20    XL:     13   Next: 15%
Gold:   636        EV: 17    Int:  8    God:    Trog [****..] SH:  0 Dex: 15

rFire   + . .      SeeInvis .    a - +3 battleaxe (freeze)
rCold   . . .      Faith    .    (shield currently unavailable)
rNeg    . . .      Spirit   .    e - +0 storm dragon scales
rPois   ∞          Reflect  .    x - +0 hat {Stlth+}
rElec   +          Harm     .    (no cloak)
rCorr   .          Rampage  .    u - +2 pair of gloves
Will    +....                    (boots unavailable) Stlth
                                 g - amulet of the acrobat
HPRegen 0.45/turn                r - +5 ring of evasion
MPRegen 0.00/turn                v - ring of ice

@: berserking, flying, slowed
A: sickness immunity, fire resistance 2, cold vulnerability 1, float, innate
caster, HP casting, extra vitality 1
a: Renounce Religion, Berserk, Trog's Hand, Brothers in Arms


You were on level 2 of the Lair of Beasts.
You worshipped Trog.
Trog was greatly pleased with you.
You visited 2 branches of the dungeon, and saw 12 of its levels.
You also visited: Bailey.

You collected 636 gold pieces.

Inventory:

Hand Weapons
 a - a +3 battleaxe of freezing (weapon)
 b - a +0 sling
 A - a +2 shortbow of electrocution
 D - a +1 war axe of flaming
Missiles
 c - 100 stones (quivered)
 f - 4 poisoned darts
Armour
 e - +0 storm dragon scales (worn)
 u - a +2 pair of gloves (worn)
 x - a +0 hat of stealth (worn)
 y - a +0 crystal plate armour
 B - a +0 plate armour
Jewellery
 g - an amulet of the acrobat (around neck)
 j - a ring of fire
 r - a +5 ring of evasion (left hand)
 v - a ring of ice (right hand)
 F - a ring of willpower
Wands
 d - a wand of charming (2)
 i - a wand of iceblast (5)
Scrolls
 k - 5 scrolls of enchant armour
 l - a scroll of fog
 m - 3 scrolls of magic mapping
 n - 7 scrolls of enchant weapon
 p - 4 scrolls of teleportation
 G - 2 scrolls of immolation
 H - a scroll of fear
 J - a scroll of brand weapon
Potions
 h - 5 potions of mutation
 o - 6 potions of heal wounds
 q - a potion of flight
 s - 5 potions of haste
 t - a potion of cancellation
 w - 3 potions of resistance
 z - 2 potions of curing
 C - 2 potions of lignification
 E - 3 potions of might
 I - a potion of attraction
 K - a potion of invisibility {unknown}


   Skills:
 + Level 12.9 Fighting
 * Level 10.4 Axes
 + Level 8.8 Armour
 + Level 9.6 Dodging


You couldn't memorise any spells.
You knew the following spells:

 Your Spells              Type           Power      Damage    Failure   Level
a - Freeze                Ice            0%         1d3       97%         1
b - Call Imp              Summ           0%         N/A       99%         2
c - Passwall              Tmut/Erth      0%         N/A       99%         2
d - Dazzling Flash        Conj/Hex       0%         N/A       100%        3
e - Airstrike             Air            0%         2d(0-16)  100%        4
f - Yara's Violent Unrav  Hex/Tmut       0%         3d3       100%        5
Your spell library was empty.


Dungeon Overview and Level Annotations

Branches:
Dungeon (10/15)            Temple (0/1) D:5            Lair (2/5) D:8
 Bailey (visited)
  Swamp: Lair:2-3    Shoals: Lair:2-3     Snake: Lair:2-3    Spider: Lair:2-3
    Orc: D:9-12

Altars:
Cheibriados
Dithmenos
Makhleb
Nemelex Xobeh
Ru
Uskayaw
Xom
Yredelemnul
The Shining One

Annotations:
D:10 1 transporter


Innate Abilities, Weirdness & Mutations

You are immune to sickness and miasma.
You are immune to poison.
Your flesh is very heat resistant. (rF++)
You are vulnerable to cold. (rC-)
You float through the air rather than walking.
You learn spells naturally, not from books.
Your magical power is your life essence.
You have superior vitality. (+4 MHP)


Message History

You slash the cane toad! You freeze the cane toad.
You kill the cane toad!
Trog accepts your kill.
You hit the steam dragon. You freeze the steam dragon.
The steam dragon misses you.
The steam dragon claws you but does no damage.
You slice the steam dragon!! You freeze the steam dragon!
You kill the steam dragon!
Trog accepts your kill.
No target in view!
No target in view!
HP restored.
c - 100 stones (gained 4)
A bog body comes into view.
A bog body is nearby!
A bog body is nearby!
Found 33 gold pieces.
The bog body casts a spell at you. The bolt of cold hits you!!
The bog body gestures at you while chanting.
You resist with some effort. The bog body casts a spell at you.
You feel yourself slow down.
Found a robe.
The bog body gestures at you while chanting.
The bolt of cold hits you!! The bog body completely misses you.
You are too injured to fight recklessly!
You are too injured to fight recklessly!
You are too injured to fight recklessly!
You are too injured to fight recklessly!
You closely miss the bog body.
The bog body touches you but does no damage.
A red film seems to cover your vision as you go berserk!
You feel yourself moving faster!
You feel mighty! The bog body touches you! The bog body freezes you!!
* * * LOW HITPOINT WARNING * * *
The bog body touches you!
* * * LOW HITPOINT WARNING * * *
The bog body freezes you!!
You die...

# #.......# ####
#.......## .###...
.........### ....#..~
....$....#.## .....~~~
[...$.......# #...~≈≈
........$...###
##..≈~≈≈
♣.........#.###P..~≈≈≈
♣..@.....#.###..~≈≈≈
.....⌠n..#.....P#
#.~≈≈≈
.....⌠...#.....##
#.~≈≈≈
≈~♣♣♣...##>....#
#≈.≈~≈ ♣
...####.....## ###..~
.... #......### ###.
..... #........###...
###.# #.#............
#..............


You could see a bog body.

Vanquished Creatures
  Gastronok (D:8)
  Erolcha (D:9)
  A two-headed ogre (D:9)
  Erica (D:8)
  A death yak (D:8)
  2 orc knights (Bailey)
  6 elephants
  3 cane toads
  A komodo dragon (Lair:1)
  A polar bear (Lair:1)
  A hornet (D:9)
  A wraith (D:9)
  2 wyverns (D:9)
  13 yaks (D:9)
  4 steam dragons
  2 acid dragons (D:9)
  3 water moccasins
  13 orc warriors
  3 black bears
  5 wolves (Lair:1)
  4 centaurs
  8 bullfrogs
  A gnoll sergeant (D:10)
  2 scorpions
  2 necrophages (D:8)
  4 wights (D:9)
  4 howler monkeys
  An electric eel (Lair:2)
  A crimson imp (D:9)
  4 orc priests
  3 hounds
  A jelly (D:4)
  2 iguanas
  10 orc wizards
  7 gnolls
  8 adders
  A shadow imp (D:6)
  2 white imps
  A worm (D:2)
  4 dart slugs
  54 orcs
  3 endoplasms
  4 giant cockroaches
  7 goblins
  8 hobgoblins
  6 jackals
  5 quokkas
  14 ball pythons
  5 bats
  3 frilled lizards
  11 kobolds
  7 rats
262 creatures vanquished.

Vanquished Creatures (others)
  A necrophage (D:7)
  An orc wizard (D:7)
  A rat (D:3)
  A fungus (D:8)
  4 plants
8 creatures vanquished.

Grand Total: 270 creatures vanquished

Notes
Turn   | Place    | Note
-------+----------+-------------------------------------------
     0 | D:1      | toffzen the Djinni Berserker began the quest for the Orb.
     0 | D:1      | Reached XP level 1. HP: 20/20 MP: 0/0
   132 | D:1      | Reached XP level 2. HP: 21/25 MP: 0/0
   237 | D:1      | Reached XP level 3. HP: 27/30 MP: 0/0
   237 | D:1      | Learned a level 1 spell: Freeze
   243 | D:1      | Reached ** piety under Trog
   805 | D:2      | Reached XP level 4. HP: 33/35 MP: 0/0
  1263 | D:2      | Found a shimmering altar of Xom.
  1624 | D:3      | Reached XP level 5. HP: 40/40 MP: 0/0
  1624 | D:3      | Learned a level 2 spell: Call Imp
  1656 | D:2      | Reached *** piety under Trog
  2614 | D:4      | Noticed a black bear
  2628 | D:4      | Killed a black bear
  2629 | D:4      | Reached XP level 6. HP: 47/47 MP: 0/0
  2987 | D:4      | Reached skill level 4 in Fighting
  3342 | D:4      | Reached XP level 7. HP: 40/52 MP: 0/0
  3342 | D:4      | Learned a level 2 spell: Passwall
  3614 | D:4      | Found a basalt altar of Yredelemnul.
  3617 | D:4      | Found a snail-covered altar of Cheibriados.
  3622 | D:4      | Found a sparkling altar of Nemelex Xobeh.
  3682 | D:4      | Found a shadowy altar of Dithmenos.
  3901 | D:5      | Entered Level 5 of the Dungeon
  3929 | D:5      | Found a hide-covered altar of Uskayaw.
  4666 | D:5      | Found a staircase to the Ecumenical Temple.
  4804 | D:6      | Reached skill level 5 in Axes
  4804 | D:6      | Reached XP level 8. HP: 41/58 MP: 0/0
  5988 | D:6      | Reached skill level 5 in Fighting
  5988 | D:6      | Reached skill level 5 in Dodging
  6161 | D:7      | Reached **** piety under Trog
  6180 | D:7      | Found a sacrificial altar of Ru.
  6613 | D:7      | Reached XP level 9. HP: 64/65 MP: 0/0
  6613 | D:7      | Learned a level 3 spell: Dazzling Flash
  6720 | D:7      | Reached skill level 5 in Armour
  6847 | D:8      | Noticed Erica
  6936 | D:8      | Killed Erica
  6937 | D:8      | Reached skill level 6 in Fighting
  7106 | D:8      | Identified the +2 pair of boots "Vus Nehue" {Rampage Dex+3}
  7136 | D:8      | Found a staircase to the Lair.
  7136 | D:8      | Noticed a death yak
  7190 | D:8      | Noticed Gastronok
  7277 | D:8      | Killed Gastronok
  7278 | D:8      | Reached skill level 7 in Fighting
  7278 | D:8      | Reached XP level 10. HP: 75/75 MP: 0/0
  7349 | D:8      | Killed a death yak
  7375 | D:8      | Noticed an elephant
  7417 | D:8      | Killed an elephant
  7800 | D:9      | Found a flagged portal.
  7816 | Bailey   | Entered a bailey
  8132 | Bailey   | Reached skill level 12 in Fighting
  8132 | Bailey   | Reached XP level 11. HP: 89/89 MP: 0/0
  8132 | Bailey   | Learned a level 4 spell: Airstrike
  8135 | Bailey   | Noticed an orc knight
  8164 | Bailey   | Reached XP level 12. HP: 95/95 MP: 0/0
  8552 | D:9      | Noticed a two-headed ogre
  8563 | D:9      | Killed a two-headed ogre
  8897 | D:9      | Found a glowing golden altar of the Shining One.
  8903 | D:9      | Noticed Erolcha
  8908 | D:9      | Killed Erolcha
  9548 | D:9      | Found a shimmering altar of Xom.
  9549 | D:9      | Found a burning altar of Makhleb.
  9672 | D:10     | Entered Level 10 of the Dungeon
  9672 | D:10     | Found a transporter.
  9838 | Lair:1   | Entered Level 1 of the Lair of Beasts
 10095 | Lair:1   | Reached skill level 10 in Axes
 10244 | Lair:1   | Reached XP level 13. HP: 70/102 MP: 0/0
 10244 | Lair:1   | Learned a level 5 spell: Yara's Violent Unravelling
 10899 | Lair:2   | Slain by a bog body

Illustrated notes

Levels and vault maps discovered:
D:1:      wheals_arrival_shading, layout_loops_ring, minmay_misc_feat_five
D:2:      layout_basic, basic_altar, minmay_shallow_snake_nest
D:3:      layout_basic
D:4:      layout_layer_cave, mainiacjoe_overflow_alcove_4,
          grunt_temple_overflow_diamond
D:5:      layout_gridville, general_overflow_altar,
          minmay_temple_entry_crystal_x
D:6:      layout_basic
D:7:      layout_basic, nicolae_ru_great_annihilating_truth
D:8:      layout_rooms, david_lair_generic, serial_park_tiny_2, uniq_erica,
          uniq_gastronok
D:9:      layout_roguey, tso_metal_star,
          grunt_temple_overflow_champion_of_chaos, enter_bailey_2,
          minmay_increasing_density, uniq_erolcha
D:10:     nzn_winding_woodlands_medium [nzn_winding_woodlands_5x5_cross,
          nzn_winding_woodlands_5x15_eye, nzn_winding_woodlands_5x5_perimeter,
          nzn_winding_woodlands_5x5_default, nzn_winding_woodlands_center_lodge,
          nzn_winding_woodlands_hourglass, nzn_winding_woodlands_5x5_three,
          nzn_winding_woodlands_5x15_river_crossing,
          nzn_winding_woodlands_5x5_closed_star], layout_irregular_city,
          serial_shops, shop, gammafunk_ghost_wrathful_warriors
Lair:1:   layout_concentric_octagons
Lair:2:   layout_cellular_growth, nicolae_swamp_entry_splash_gauntlet,
          serial_bayou_shore_a, grunt_megastairs_2, infiniplex_staircase_pool

Skill      XL: |  1  2  3  4  5  6  7  8  9 10 11 12 |
---------------+-------------------------------------+-----
Axes           | 3 4 5 6 8 10 | 10.4
Dodging        | 3 4 5 7 8 9 |  9.6
Armour         | 3 4 6 7 8 |  8.8
Fighting       | 4 5 7 12 | 12.9

Action                     |  1- 3 |  4- 6 |  7- 9 | 10-12 | 13-15 || total
---------------------------+-------+-------+-------+-------+-------++-------
  Melee: Hand axe          |   103 |   218 |    40 |       |       ||   361
         Punch             |       |     2 |     3 |     6 |       ||    11
         War axe           |       |       |   222 |   155 |       ||   377
         Battleaxe         |       |       |       |   134 |    27 ||   161
   Fire: Sling             |       |     1 |       |       |       ||     1
 Invoke: Berserk           |       |     4 |     8 |    11 |     1 ||    24
         Trog's Hand       |       |     1 |     2 |     2 |       ||     5
  Evoke: Wand              |       |       |       |    10 |       ||    10
    Use: Scroll            |       |     2 |    17 |     2 |     5 ||    26
         Potion            |       |       |     1 |     4 |       ||     5
   Stab: Paralysed         |       |       |     1 |       |       ||     1
 Armour: Chain mail        |    60 |   112 |    54 |       |       ||   226
         Animal skin       |     2 |       |       |       |       ||     2
         Storm dragon scal |       |       |    71 |    61 |     4 ||   136
         Plate armour      |       |       |     4 |       |       ||     4
         Crystal plate arm |       |       |       |   139 |     9 ||   148
  Dodge: Dodged            |    51 |    93 |   208 |   260 |    13 ||   625

Table legend: (Time is in decaauts)
 A = Elapsed time spent in this place.
 B = Non-inter-level travel time spent in this place.
 C = Inter-level travel time spent in this place.
 D = Time resting spent in this place.
 E = Time spent auto-exploring this place.
 F = Levels seen in this place.
 G = Mean time per level.
                   A        B        C        D        E       F      G
               +--------+--------+--------+--------+--------+-----+--------+
         Total |  11276 |  10956 |    320 |   2716 |   5374 |  13 |  867.4 |
       Dungeon |   9461 |   9160 |    301 |   2132 |   4693 |  10 |  946.1 |
          Lair |   1083 |   1064 |     19 |    221 |    681 |   2 |  541.5 |
        Bailey |    732 |    732 |      0 |    363 |      0 |   1 |  732.0 |
               +--------+--------+--------+--------+--------+-----+--------+

Top non-repeatable levels by time:
     D:4: 1687 daAuts
     D:6: 1391 daAuts
     D:9: 1301 daAuts
     D:2: 1085 daAuts
  Lair:1: 997 daAuts
     D:7: 944 daAuts
     D:3: 846 daAuts
     D:8: 837 daAuts
  Bailey: 732 daAuts
     D:1: 727 daAuts
     D:5: 530 daAuts
    D:10: 110 daAuts
  Lair:2: 85 daAuts
